 Dungeon Crawl Stone Soup version 0.28-a0-1389-gc726bef33b (webtiles) character file.

Game seed: 12023419898651932689

9403 trashops the Severer (level 11, -8/94 HPs)
             Began as a Hill Orc Fighter on Jan 3, 2022.
             Was a Believer of Beogh.
             Mangled by a sixfirhy (10 damage)
             ... summoned by an orc sorcerer
             ... on level 2 of the Orcish Mines on Jan 7, 2022.
             The game lasted 00:23:35 (11227 turns).

trashops the Severer (Hill Orc Fighter)            Turns: 11227, Time: 00:23:37

Health: -8/94      AC: 20    Str: 24    XL:     11   Next: 45%
Magic:  11/11      EV:  7    Int: 10    God:    Beogh [**....]
Gold:   719        SH: 10    Dex: 10    Spells: 10/10 levels left

rFire   . . .      SeeInvis .   g - +1 broad axe (flame)
rCold   . . .      Faith    .   c - +0 buckler
rNeg    . . .      Spirit   .   j - +1 plate armour
rPois   .          Reflect  +   s - +2 hat
rElec   .          Harm     .   y - +1 cloak
rCorr   .          Rampage  .   l - +0 pair of gloves
Will    +....                   (no boots)
Stlth   ..........              o - amulet of reflection
HPRegen 0.25/turn               p - ring of willpower
MPRegen 0.12/turn               (no ring)

@: no status effects
A: horns 1, clever 1
a: Renounce Religion, Smiting


You were on level 2 of the Orcish Mines.
You worshipped Beogh.
Beogh was pleased with you.
You visited 3 branches of the dungeon, and saw 12 of its levels.

You collected 901 gold pieces.
You spent 182 gold pieces at shops.

Inventory:

Hand Weapons
 e - a +4 scimitar
 g - a +1 broad axe of flaming (weapon)
 z - a +0 halberd of draining
Armour
 c - a +0 buckler (worn)
 j - a +1 plate armour (worn)
 l - a +0 pair of gloves (worn)
 s - a +2 hat (worn)
 y - a +1 cloak (worn)
 G - a scarf of harm
Jewellery
 b - an amulet of faith
 o - an amulet of reflection (around neck)
 p - a ring of willpower (left hand)
 r - an amulet of guardian spirit
Wands
 v - a wand of flame (11)
 E - a wand of acid (5)
 F - a wand of digging (2)
Scrolls
 f - 5 scrolls of identify
 i - 5 scrolls of teleportation
 n - 3 scrolls of magic mapping
 t - a scroll of amnesia
 w - 2 scrolls of immolation
 C - a scroll of enchant armour
Potions
 d - a potion of might
 u - a potion of berserk rage
 D - a potion of attraction


   Skills:
 + Level 8.2 Fighting
 + Level 3.8 Long Blades
 * Level 16.9 Axes
 + Level 8.5 Armour
 - Level 0.3 Stealth
 + Level 7.1 Shields


You had 10 spell levels left.
You didn't know any spells.
Your spell library contained the following spells:

 Spells                   Type           Power      Damage    Failure   Level
 Animate Skeleton         Necr           0%         N/A       99%         1
 Magic Dart               Conj           0%         1d3       99%         1
 Pain                     Necr           0%         1d4       99%         1
 Searing Ray              Conj           0%         2d4       100%        2
 Ignite Poison            Fire/Tmut/Pois 0%         N/A       100%        3
 Mephitic Cloud           Conj/Pois/Air  0%         N/A       100%        3
 Vampiric Draining        Necr           0%         2d6       100%        3
 Fulminant Prism          Conj/Hex       0%         3d6       100%        4
 Freezing Cloud           Conj/Ice/Air   0%         6-21      100%        5
 Malign Gateway           Summ/Tloc      0%         N/A       100%        7
 Summon Horrible Things   Summ           0%         N/A       100%        8


Dungeon Overview and Level Annotations

Branches:
Dungeon (9/15)             Temple (1/1) D:4            Lair (0/6) D:9
    Orc (2/2) D:9             Elf (0/3) Orc:2

Altars:
Ashenzari
Cheibriados
Dithmenos
Elyvilon
Fedhas
Gozag
Hepliaklqana
Kikubaaqudgha
Makhleb
Nemelex Xobeh
Okawaru
Qazlal
Ru
Sif Muna
Trog
Uskayaw
Vehumet
Wu Jian
Xom
Yredelemnul
Zin
The Shining One

Shops:
D:3 ?   D:6 [*

Annotations:
D:9 exclusion: ice statue


Innate Abilities, Weirdness & Mutations

You have a pair of small horns on your head.
Your mind is acute. (Int +2)


Message History

The ogre shouts!
You hear a shout!
An orc sorcerer comes into view. It is wielding a +0 dagger.
An orc sorcerer comes into view.
It is wielding a +0 dagger and wearing a +1 robe of positive energy.
The orc sorcerer shouts! x2; You hear a shout! x2
A warg comes into view.
The orc sorcerer mumbles some strange words.
A warg comes into view.
The ogre barely misses you.
The orc sorcerer gestures wildly while chanting.
You block the sixfirhy's attack.
Found a staircase to the Elven Halls.
The sixfirhy hits you! The sixfirhy shocks you! The sixfirhy hits you.
The sixfirhy shocks you!
The sixfirhy hits you but does no damage.
You block the sixfirhy's attack. The sixfirhy hits you.
The sixfirhy shocks you!
Found 18 gold pieces.
The sixfirhy hits you. The sixfirhy shocks you!
You block the sixfirhy's attack.
The sixfirhy hits you but does no damage.
The sixfirhy hits you.
* * * LOW HITPOINT WARNING * * *
The sixfirhy shocks you!
* * * LOW HITPOINT WARNING * * *
The orc sorcerer mumbles some strange words.
The orc sorcerer mumbles some strange words.
The sixfirhy hits you but does no damage.
You block the sixfirhy's attack.
As you read the scroll of fear, it crumbles to dust.
You assume a fearsome visage.
The warg looks frightened!
The orc sorcerer looks frightened! x2; The ogre looks frightened!
The sixfirhy looks frightened!
The sun demon looks frightened!
The sixfirhy resists with some effort.
The sixfirhy looks frightened!
The sixfirhy hits you.
* * * LOW HITPOINT WARNING * * *
The sixfirhy shocks you!
* * * LOW HITPOINT WARNING * * *
The sixfirhy hits you.
* * * LOW HITPOINT WARNING * * *
The sixfirhy shocks you!
You die...

### ###.## ##....##
###....<.###
##.##.#...#.### ###...
#...#....##
##.#..###..@.#....#
#.......#..3.....#
#.............##..
#..............#..
##...#............
##.........3.#....
###.#...........#...
##....#.O...h........
##........3...........


You could see 2 sixfirhies, a warg (fleeing) and an ogre (fleeing).

Vanquished Creatures
  A centaur warrior (D:9)
  Pikel (D:7)
  An orc sorcerer (Orc:1)
  Maggie (D:7)
  Prince Ribbit (D:9)
  A wraith (D:6)
  12 yaks
  2 steam dragons
  4 wyverns
  A warg (Orc:1)
  2 vampire mosquitoes (D:8)
  7 water moccasins
  3 black bears (D:9)
  3 ice beasts
  7 orc warriors
  A sky beast (D:8)
  3 ogres
  3 centaurs
  2 wolves (D:9)
  2 lemures (D:7)
  2 phantoms
  2 bullfrogs
  A water moccasin zombie (D:5)
  2 scorpions (D:5)
  A water moccasin skeleton (D:5)
  4 killer bees (D:9)
  4 wights
  An electric eel (D:6)
  2 bullfrog zombies
  A centaur zombie (D:6)
  A hound (D:5)
  3 orc priests
  Crazy Yiuf (D:7)
  A gnoll shaman (D:3)
  5 iguanas
  7 orc wizards
  Robin (D:4)
  14 adders
  6 gnolls
  A howler monkey skeleton (D:7)
  2 ufetubi (D:6)
  6 dart slugs
  35 orcs
  7 endoplasms
  5 giant cockroaches
  13 goblins
  3 hobgoblins
  5 jackals
  7 kobolds
  3 quokkas
  5 ball pythons
  7 bats
  A frilled lizard (D:1)
  5 rats
222 creatures vanquished.

Vanquished Creatures (others)
  A human (D:4)
  9 plants (D:9)
10 creatures vanquished.

Grand Total: 232 creatures vanquished

Notes
Turn   | Place    | Note
-------+----------+-------------------------------------------
     0 | D:1      | trashops the Hill Orc Fighter began the quest for the Orb.
     0 | D:1      | Reached XP level 1. HP: 19/19 MP: 1/1
   306 | D:1      | Reached XP level 2. HP: 25/27 MP: 2/2
  1126 | D:2      | Reached XP level 3. HP: 30/33 MP: 3/3
  1457 | D:2      | Found a faded altar of an unknown god.
  1701 | D:2      | Reached XP level 4. HP: 33/40 MP: 4/4
  2159 | D:2      | Identified a scroll of acquirement
  2159 | D:2      | Acquired a +1 broad axe of flaming
  2182 | D:3      | Found Fephexa's Magic Scroll Shop.
  2294 | D:3      | Bought a scroll of magic mapping for 49 gold pieces
  2394 | D:3      | Reached skill level 1 in Axes
  2410 | D:3      | Reached XP level 5. HP: 29/46 MP: 5/5
  2411 | D:3      | Reached skill level 2 in Axes
  2668 | D:3      | Found a shimmering blue altar of Sif Muna.
  2921 | D:3      | Reached skill level 3 in Axes
  3133 | D:4      | Reached XP level 6. HP: 39/53 MP: 6/6
  3266 | D:4      | Found a staircase to the Ecumenical Temple.
  3270 | D:4      | Noticed Robin
  3311 | D:4      | Reached skill level 4 in Axes
  3322 | D:4      | Killed Robin
  3550 | Temple   | Entered the Ecumenical Temple
  3843 | D:4      | Found an ancient bone altar of Kikubaaqudgha.
  3964 | D:4      | Reached skill level 5 in Axes
  4058 | D:4      | Found a sacrificial altar of Ru.
  4098 | D:4      | Noticed a human
  4099 | D:4      | Killed a human
  4187 | D:3      | Bought 2 scrolls of teleportation for 84 gold pieces
  4187 | D:3      | Bought a scroll of immolation for 49 gold pieces
  4192 | D:3      | Gained mutation: You possess an exceptional clarity of
                  | mind. [potion of mutation]
  4192 | D:3      | Lost mutation: You possess an exceptional clarity of mind.
                  | [potion of mutation]
  4192 | D:3      | Gained mutation: You have hidden genetic potential. [potion
                  | of mutation]
  4237 | D:5      | Entered Level 5 of the Dungeon
  4281 | D:5      | Noticed an ice beast
  4283 | D:5      | Noticed a yak
  4296 | D:5      | Reached XP level 7. HP: 47/60 MP: 7/7
  4305 | D:5      | Reached skill level 6 in Axes
  4462 | D:5      | Noticed a yak
  4462 | D:5      | Noticed a yak
  4482 | D:5      | Killed a yak
  4483 | D:5      | Reached skill level 7 in Axes
  4486 | D:5      | Killed a yak
  4487 | D:5      | Reached skill level 5 in Fighting
  4495 | D:5      | Gained mutation: You have a pair of small horns on your
                  | head. [hidden potential]
  4638 | D:5      | Noticed a yak
  4639 | D:5      | Noticed a yak
  4650 | D:5      | Killed a yak
  4650 | D:5      | Noticed a yak
  4651 | D:5      | Reached skill level 8 in Axes
  4651 | D:5      | Reached skill level 5 in Armour
  4651 | D:5      | Reached XP level 8. HP: 57/68 MP: 8/8
  4658 | D:5      | Killed a yak
  4659 | D:5      | Reached skill level 9 in Axes
  4662 | D:5      | Killed a yak
  4663 | D:5      | Killed a yak
  4664 | D:5      | Reached skill level 10 in Axes
  4671 | D:5      | Gained mutation: Your mind is acute. (Int +2) [hidden
                  | potential]
  4671 | D:5      | Lost mutation: You have hidden genetic potential. [hidden
                  | potential expressed]
  4897 | D:5      | Reached XP level 9. HP: 48/74 MP: 9/9
  5132 | D:5      | Reached skill level 11 in Axes
  5368 | D:5      | Reached skill level 5 in Shields
  5784 | D:6      | Found Hefemp's Antique Armour Boutique.
  6062 | D:6      | Reached skill level 12 in Axes
  6352 | D:6      | Found Zohi's Serpentskin Sales.
  6985 | D:7      | Noticed Maggie
  7004 | D:7      | Killed Maggie
  7005 | D:7      | Reached skill level 13 in Axes
  7171 | D:7      | Found a runed translucent door.
  7172 | D:7      | Noticed Crazy Yiuf
  7203 | D:7      | Reached XP level 10. HP: 84/84 MP: 10/10
  7637 | D:7      | Noticed Pikel
  7646 | D:7      | Killed Pikel
  7647 | D:7      | Reached skill level 14 in Axes
  7880 | D:7      | Killed Crazy Yiuf
  7949 | D:8      | Reached skill level 15 in Axes
  8138 | D:8      | Found an ornate altar of the Wu Jian Council.
  8203 | D:8      | Became a worshipper of Beogh the Brigand
  8333 | D:8      | Found an iron altar of Okawaru.
  8567 | D:9      | Found a snail-covered altar of Cheibriados.
  8720 | D:9      | Reached XP level 11. HP: 47/92 MP: 11/11
  8726 | D:9      | Reached skill level 16 in Axes
  8989 | D:9      | Reached * piety under Beogh
  9165 | D:9      | Noticed a centaur warrior
  9179 | D:9      | Found a staircase to the Lair.
  9184 | D:9      | Killed a centaur warrior
  9493 | D:9      | Found a staircase to the Orcish Mines.
  9591 | D:9      | Noticed Prince Ribbit
  9615 | D:9      | Killed Prince Ribbit
 10293 | Orc:1    | Entered Level 1 of the Orcish Mines
 10293 | Orc:1    | Noticed an orc sorcerer
 10298 | Orc:1    | Killed an orc sorcerer
 10800 | D:9      | Reached ** piety under Beogh
 11181 | Orc:2    | Entered Level 2 of the Orcish Mines
 11210 | Orc:2    | Noticed an orc sorcerer
 11211 | Orc:2    | Noticed an orc sorcerer
 11212 | Orc:2    | Noticed a sixfirhy
 11213 | Orc:2    | Noticed a sun demon
 11213 | Orc:2    | Found a staircase to the Elven Halls.
 11223 | Orc:2    | Noticed a sixfirhy
 11224 | Orc:2    | Noticed a sixfirhy
 11227 | Orc:2    | HP: 3/94 [sixfirhy[an orc sorcerer] (12)]
 11227 | Orc:2    | Mangled by a sixfirhy

Illustrated notes

Levels and vault maps discovered:
D:1:      moated_graveyard_arrival, layout_basic, serial_forest,
          infiniplex_forest_end_1, infiniplex_forest_lined_2,
          infiniplex_forest_clump_small, infiniplex_forest_zigzag_1,
          infiniplex_forest_zigzag_2, infiniplex_forest_lined_3,
          infiniplex_forest_lined_ring, infiniplex_forest_clump_small,
          infiniplex_forest_end_3
D:2:      cheibrodos_old_hovel, layout_loops_ring, nicolae_ecumenical_pavilion
D:3:      layout_rooms, nicolae_sif_muna_condensation, serial_shops,
          nicolae_shop_temple_entry_statues_fountains
D:4:      layout_rooms, nicolae_ru_the_path_less_chosen, tgw_kikubaaqudgha,
          minmay_temple_entry_butterflies, minmay_between, uniq_robin
D:5:      layout_basic
D:6:      layout_loops_ring, serial_shops, shop, chequers_hall_statues_corner_a,
          st_stairs_5, minivault_27, moated_statue, fountainhead,
          guppyfry_shop_venom
D:7:      layout_basic, uniq_maggie, uniq_crazy_yiuf_cottage, uniq_pikel
D:8:      layout_cave_pools, mainiacjoe_overflow_24_doors,
          kennysheep_okawaru_gauntlet, grunt_decor_fettered
D:9:      layout_cave_pods, nicolae_overflow_crystal_walls,
          minmay_lair_entry_grove, orc_0_dummy, serial_column_ruins,
          column_ruins_square_large, column_ruins_corridor_corner,
          column_ruins_grid_4, column_ruins_open_medium,
          column_ruins_columns_corner, column_ruins_open_small,
          column_ruins_columns_corner, minivault_15, uniq_prince_ribbit1
Temple:   regret_index_temple_sphere_string
Orc:1:    layout_caves
Orc:2:    st_orc_ogre_mass, layout_caves, nicolae_orc_stony_grotto

Skill      XL: |  1  2  3  4  5  6  7  8  9 10 11 |
---------------+----------------------------------+-----
Fighting       | 4 5 6 7 8 |  8.2
Long Blades    | 3 |  3.8
Armour         | 4 5 6 7 8 |  8.5
Axes           | 1 3 5 8 10 13 15 16 | 16.9
Shields        | 4 5 6 7 |  7.1
Stealth        | |  0.3

Action                   |  1- 3 |  4- 6 |  7- 9 | 10-12 || total
-------------------------+-------+-------+-------+-------++-------
Melee: Long sword        |    98 |    40 |       |       ||   138
       Broad axe         |       |   148 |   200 |   191 ||   539
       Headbutt          |       |       |    33 |    35 ||    68
Invok: Convert to Beogh  |       |       |       |     1 ||     1
  Use: Scroll            |       |     8 |     2 |     2 ||    12
       Potion            |       |     4 |     1 |     7 ||    12
 Stab: Distracted        |       |       |     1 |       ||     1
Armor: Scale mail        |    18 |       |       |       ||    18
       Plate armour      |    21 |   199 |    83 |   139 ||   442
Dodge: Dodged            |    44 |    78 |    29 |    82 ||   233
Block: Buckler           |    24 |   100 |    79 |   136 ||   339
       Reflection        |       |     4 |       |    12 ||    16

Table legend: (Time is in decaauts)
 A = Elapsed time spent in this place.
 B = Non-inter-level travel time spent in this place.
 C = Inter-level travel time spent in this place.
 D = Time resting spent in this place.
 E = Time spent auto-exploring this place.
 F = Levels seen in this place.
 G = Mean time per level.
                   A        B        C        D        E       F      G
               +--------+--------+--------+--------+--------+-----+--------+
         Total |  11295 |  10928 |    367 |   2307 |   6355 |  12 |  941.2 |
       Dungeon |  10678 |  10333 |    345 |   2307 |   5997 |   9 | 1186.4 |
        Temple |    276 |    261 |     15 |      0 |    128 |   1 |  276.0 |
  Orcish Mines |    339 |    332 |      7 |      0 |    230 |   2 |  169.5 |
               +--------+--------+--------+--------+--------+-----+--------+

Top non-repeatable levels by time:
     D:9: 2283 daAuts
     D:5: 1374 daAuts
     D:6: 1270 daAuts
     D:2: 1153 daAuts
     D:7: 1070 daAuts
     D:1: 1047 daAuts
     D:3: 1038 daAuts
     D:4: 821 daAuts
     D:8: 618 daAuts
   Orc:1: 293 daAuts
  Temple: 276 daAuts
   Orc:2: 45 daAuts
